 Seeded DCSS version 0.28-a0-1613-gdaab1c2f9b (webtiles) character file.

Game seed: 11 (custom seed)

778 knot the Chopper (level 7, -4/52 HPs)
             Began as a Demonspawn Berserker on Jan 22, 2022.
             Was a Believer of Trog.
             Shot with an arrow by a centaur (14 damage)
             ... on level 5 of the Dungeon.
             The game lasted 00:04:54 (7173 turns).

knot the Chopper (Demonspawn Berserker)             Turns: 7173, Time: 00:04:54

Health: -4/52      AC:  3    Str: 17    XL:     7   Next: 54%
Magic:  7/7        EV: 12    Int: 11    God:    Trog [**....]
Gold:   225        SH:  0    Dex: 12    Spells: 6/6 levels left

rFire   . . .      SeeInvis .   a - +0 hand axe
rCold   . . .      Faith    .   (no shield)
rNeg    . . .      Spirit   .   b - +0 animal skin
rPois   .          Reflect  .   (no helmet)
rElec   .          Harm     .   (no cloak)
rCorr   .          Rampage  .   (no gloves)
Will    .....                   x - +0 pair of boots
Stlth   +.........              (no amulet)
HPRegen 0.17/turn               (no ring)
MPRegen 0.10/turn               (no ring)

@: no status effects
A: powered by death 2, sturdy frame 1, weakness stinger 1
a: Renounce Religion, Berserk, Trog's Hand


You were on level 5 of the Dungeon.
You worshipped Trog.
Trog was pleased with you.
You visited 1 branch of the dungeon, and saw 5 of its levels.
You also visited: Sewer.

You collected 225 gold pieces.

Inventory:

Hand Weapons
 a - a +0 hand axe (weapon)
Missiles
 d - 72 stones
 i - 6 boomerangs (quivered)
 s - 2 atropa-tipped darts
Armour
 b - a +0 animal skin (worn)
 x - a +0 pair of boots (worn)
Jewellery
 w - an amulet of magic regeneration
Scrolls
 f - 8 scrolls of identify {unknown}
 h - a scroll of enchant weapon {unknown}
 l - a scroll of fear {unknown}
 n - 3 scrolls of teleportation {unknown}
 o - a scroll of fog {unknown}
 r - a scroll of summoning {unknown}
Potions
 c - 3 potions of brilliance {unknown}
 e - 3 potions of mutation {unknown}
 g - a potion of attraction {unknown}
 j - 2 potions of lignification {unknown}
 k - a potion of curing {unknown}
 m - 2 potions of flight {unknown}
 p - 2 potions of magic {unknown}
 q - 4 potions of degeneration {unknown}
 t - 2 potions of cancellation {unknown}
 u - a potion of berserk rage {unknown}
 v - a potion of invisibility {unknown}


   Skills:
 - Level 3.0 Fighting
 * Level 7.3 Axes
 * Level 3.4 Throwing
 - Level 1.7 Armour
 - Level 1.7 Dodging


You had 6 spell levels left.
You didn't know any spells.
Your spell library contained the following spells:

 Spells                   Type           Power      Damage    Failure   Level
 Blink                    Tloc           0%         N/A       47%         2
 Manifold Assault         Tloc           0%         N/A       100%        5
 Storm Form               Tmut/Air       0%         N/A       100%        7


Dungeon Overview and Level Annotations

Branches:
Dungeon (5/15)              Sewer (visited)
 Temple: D:4-7

Altars:
Ashenzari
Cheibriados
Dithmenos
Elyvilon
Makhleb
Ru
Trog
Vehumet
Yredelemnul


Innate Abilities, Weirdness & Mutations

You regenerate health from kills.
Your movements are slightly less encumbered by armour. (ER -2)
You have a small tail.


Message History

Found a club.
You see here a +0 club.
A hound comes into view.
The hound barks!
The hound moves out of view.
A hound is nearby!
Throw: 6 boomerangs
Press: ? - help, Q - select action, (/) - cycle Shift-Dir - straight line, f - hound
Aim: a hound (48% to hit)
You throw a boomerang. The boomerang barely misses the hound.
Throw: 6 boomerangs
Press: ? - help, Q - select action, (/) - cycle Shift-Dir - straight line, f/p - hound
Aim: a hound (48% to hit)
You throw a boomerang. The boomerang hits the hound!
The hound is heavily wounded.
Throw: 6 boomerangs
Press: ? - help, Q - select action, (/) - cycle Shift-Dir - straight line, f/p - hound
Aim: a hound (heavily wounded, 48% to hit)
You throw a boomerang. The boomerang hits the hound.
The hound is severely wounded.
The hound bites you.
You hit the hound.
You kill the hound!
Trog accepts your kill.
No target in view!
Unknown command.
Found a stone staircase leading up.
A centaur comes into view.
Found a stone staircase leading down.
The centaur shouts!
The centaur wields a +0 shortbow.
The centaur shoots an arrow.
The arrow hits you!
Unknown command.
The centaur shoots an arrow.
The arrow hits you!
The centaur shoots an arrow.
The arrow hits you!
There is a stone staircase leading up here.
The centaur shoots an arrow.
The arrow hits you!
* * * LOW HITPOINT WARNING * * *
The centaur shoots an arrow.
The arrow hits you!
You die...

..............###.### #.
........>.....# ....####.
..............# .........
...............#####.####...
..#.....................#...
............##.......#......
...........##........###....
.....................###..#.
....c......@...###.#..#..#..
.........#.....# ##.#.#...)#
..c......###...###.....##.##
.........# ##.....#...###.##
.........# #..#...#.## #..#
...#.....####.....##.# #...
>.............#...##.####...
..................†....#....
..........<..####..###.....#


You could see a centaur.

Vanquished Creatures
  Eustachio (D:4)
  An ogre (D:5)
  A necrophage (D:5)
  A phantom (D:4)
  A wyvern zombie (D:5)
  A scorpion (D:4)
  A hound (D:5)
  A bullfrog skeleton (D:4)
  An iguana (D:4)
  4 gnolls (D:4)
  2 adders
  7 river rats
  A worm (D:2)
  A dart slug (D:3)
  An orc (D:3)
  6 endoplasms
  4 giant cockroaches
  4 goblins
  3 hobgoblins
  4 jackals
  7 kobolds
  2 quokkas
  11 ball pythons
  8 bats
  5 frilled lizards
  16 rats
95 creatures vanquished.

Notes
Turn   | Place    | Note
-------+----------+-------------------------------------------
     0 | D:1      | knot the Demonspawn Berserker began the quest for the Orb.
     0 | D:1      | Reached XP level 1. HP: 18/18 MP: 1/1
    52 | D:1      | Reached skill level 3 in Axes
    57 | D:1      | Gained mutation: You regenerate a little health from kills.
                  | [demonic ancestry]
    57 | D:1      | Reached XP level 2. HP: 19/24 MP: 2/2
   882 | D:1      | Found a faded altar of an unknown god.
  1088 | D:2      | Reached ** piety under Trog
  1089 | D:2      | Gained mutation: Your movements are slightly less
                  | encumbered by armour. (ER -2) [demonic ancestry]
  1089 | D:2      | Reached XP level 3. HP: 25/29 MP: 3/3
  1498 | D:2      | Reached skill level 4 in Axes
  2877 | D:3      | Reached XP level 4. HP: 27/35 MP: 4/4
  2979 | D:3      | Found a glowing drain.
  2999 | Sewer    | Entered a sewer
  3458 | Sewer    | Reached skill level 5 in Axes
  3801 | Sewer    | Reached XP level 5. HP: 37/41 MP: 5/5
  4388 | D:3      | Found a shadowy altar of Dithmenos.
  4391 | D:3      | Found a bloodstained altar of Trog.
  4392 | D:3      | Found a basalt altar of Yredelemnul.
  4392 | D:3      | Found a radiant altar of Vehumet.
  4392 | D:3      | Found a burning altar of Makhleb.
  4394 | D:3      | Found a broken altar of Ashenzari.
  4395 | D:3      | Found a snail-covered altar of Cheibriados.
  4397 | D:3      | Found a sacrificial altar of Ru.
  5002 | D:4      | Reached skill level 6 in Axes
  5002 | D:4      | Gained mutation: You have a small tail. [demonic ancestry]
  5002 | D:4      | Reached XP level 6. HP: 44/47 MP: 6/6
  5275 | D:4      | Noticed Eustachio
  5290 | D:4      | Killed Eustachio
  5291 | D:4      | Reached skill level 1 in Throwing
  5873 | D:4      | Gained mutation: You regenerate health from kills. [demonic
                  | ancestry]
  5873 | D:4      | Reached XP level 7. HP: 40/52 MP: 7/7
  6615 | D:5      | Entered Level 5 of the Dungeon
  6665 | D:5      | Reached skill level 7 in Axes
  7173 | D:5      | Shot with an arrow by a centaur

Illustrated notes

Levels and vault maps discovered:
D:1:      minmay_arrival_nine_rooms, layout_rooms, basic_ecumenical_altar
D:2:      layout_basic
D:3:      layout_loops_ring, minitemple, portal_sewer_entry_b,
          lemuel_old_faithful
D:4:      layout_basic, uniq_eustachio
D:5:      layout_layer_cave, minivault_24

Skill      XL: |  1  2  3  4  5  6  7 |
---------------+----------------------+-----
Axes           | 3 4 5 6 7 |  7.3
Throwing       | 2 3 |  3.4
Fighting       | |  3.0
Armour         | |  1.7
Dodging        | |  1.7

Action                   |  1- 3 |  4- 6 |  7- 9 || total
-------------------------+-------+-------+-------++-------
Melee: Hand axe          |   148 |   166 |    13 ||   327
       Punch             |     2 |     2 |       ||     4
       Tailslap          |       |     5 |     2 ||     7
Throw: Stone             |       |     2 |     1 ||     3
       Boomerang         |       |       |    12 ||    12
Invok: Berserk           |     3 |     6 |     3 ||    12
 Stab: Sleeping          |     1 |     4 |       ||     5
Armor: Animal skin       |    47 |    16 |       ||    63
Dodge: Dodged            |   108 |    92 |     5 ||   205

Table legend: (Time is in decaauts)
 A = Elapsed time spent in this place.
 B = Non-inter-level travel time spent in this place.
 C = Inter-level travel time spent in this place.
 D = Time resting spent in this place.
 E = Time spent auto-exploring this place.
 F = Levels seen in this place.
 G = Mean time per level.
                   A        B        C        D        E       F      G
               +--------+--------+--------+--------+--------+-----+--------+
         Total |   7334 |   7141 |    193 |   3082 |   3303 |   6 | 1222.3 |
       Dungeon |   6018 |   5825 |    193 |   2291 |   2994 |   5 | 1203.6 |
         Sewer |   1316 |   1316 |      0 |    790 |    309 |   1 | 1316.0 |
               +--------+--------+--------+--------+--------+-----+--------+

Top non-repeatable levels by time:
     D:4: 1853 daAuts
     D:2: 1393 daAuts
   Sewer: 1316 daAuts
     D:1: 1096 daAuts
     D:3: 1089 daAuts
     D:5: 585 daAuts
